 Dungeon Crawl Stone Soup version 0.21.1-1-g345015f (webtiles) character file.

5316 lotte the Thaumaturge (level 10, -7/50 HPs)
             Began as a Deep Elf Earth Elementalist on July 6, 2018.
             Was a Follower of Vehumet.
             Mangled by an unseen horror (11 damage)
             ... on level 11 of the Dungeon.
             The game lasted 01:15:10 (16027 turns).

lotte the Thaumaturge (DEEE)                       Turns: 16027, Time: 01:15:11

Health: -7/50      AC:  6    Str:  5    XL:     10   Next: 37%
Magic:  27/27      EV: 14    Int: 28    God:    Vehumet [*.....]
Gold:   334        SH:  0    Dex: 15    Spells: 15/32 levels left

rFire    . . .     SeeInvis .   N - +5 flail of Superiority {crush, rElec rPois rF- Int+4}
rCold    + . .     Gourm    .   (no shield)
rNeg     . . .     Faith    .   c - +1 robe
rPois    +         Spirit   .   s - +2 hat
rElec    +         Reflect  .   (no cloak)
rCorr    +         Harm     .   i - +0 pair of gloves
MR       +....                  (no boots)
Stlth    ++........             (no amulet)
HPRegen  0.16/turn              m - ring of resist corrosion
MPRegen  0.20/turn              (no ring)

@: resistant
A: no striking features
a: Renounce Religion


You were on level 11 of the Dungeon.
You worshipped Vehumet.
Vehumet was aware of your devotion.
You were not hungry.

You visited 2 branches of the dungeon, and saw 11 of its levels.

You collected 334 gold pieces.

Inventory:

Hand Weapons
 a - a +0 dagger
 I - a +1 shortbow of flaming
 N - the +5 flail of Superiority (weapon) {crush, rElec rPois rF- Int+4}
   (You found it on level 8 of the Dungeon)

   It inflicts extra damage upon your enemies.
   It affects your intelligence (+4).
   It makes you vulnerable to fire.
   It insulates you from electricity.
   It protects you from poison.
Missiles
 b - 232 stones (quivered)
Armour
 c - a +1 robe (worn)
 i - a +0 pair of gloves (worn)
 n - a +0 pair of gloves
 s - a +2 hat (worn)
 G - a +0 hat
 H - a +0 pair of gloves
Jewellery
 m - a ring of resist corrosion (left hand)
 q - an uncursed ring of teleportation
 B - a cursed ring of teleportation
Wands
 o - a wand of polymorph (17)
 r - a wand of flame (61)
 C - a wand of paralysis (2)
 F - a wand of acid (10)
 S - a wand of clouds (5)
 U - a wand of random effects (17)
Scrolls
 f - 2 scrolls of teleportation
 h - 5 scrolls of identify
 k - a scroll of magic mapping
 l - 2 scrolls of enchant armour
 p - 3 scrolls of remove curse
 y - 2 scrolls of blinking {unknown}
 J - a scroll of immolation {unknown}
 K - a scroll of enchant weapon {unknown}
 M - a scroll of fog
 O - a scroll of torment {unknown}
 Q - a scroll of holy word {unknown}
Potions
 g - a potion of resistance
 j - 3 potions of heal wounds {unknown}
 t - 2 potions of agility {unknown}
 u - 3 potions of curing {unknown}
 v - 2 potions of degeneration {unknown}
 x - a potion of brilliance {unknown}
 z - a potion of haste {unknown}
 A - a potion of ambrosia {unknown}
 D - 3 potions of lignification {unknown}
 E - 2 potions of mutation {unknown}
 L - 2 potions of might {unknown}
 T - a potion of magic {unknown}
Books
 e - a book of Geomancy

   Spells                             Type                      Level
   a - Sandblast                      Earth                        1
   b - Passwall                       Transmutation/Earth          2
   c - Stone Arrow                    Conjuration/Earth            3
   d - Petrify                        Transmutation/Earth          4
   e - Lee's Rapid Deconstruction     Earth                        5
 w - a book of Conjurations

   Spells                             Type                      Level
   a - Magic Dart                     Conjuration                  1
   b - Searing Ray                    Conjuration                  2
   c - Dazzling Spray                 Conjuration/Hexes            3
   d - Fulminant Prism                Conjuration/Hexes            4
   e - Force Lance                    Conjuration/Translocation    4
   f - Iskenderun's Mystic Blast      Conjuration                  4
 R - a book of Misfortune

   Spells                             Type                      Level
   a - Confusing Touch                Hexes                        1
   b - Confuse                        Hexes                        3
   c - Gell's Gravitas                Translocation                3
   d - Petrify                        Transmutation/Earth          4
   e - Metabolic Englaciation         Hexes/Ice                    5
   f - Yara's Violent Unravelling     Hexes/Transmutation          5
Comestibles
 d - 9 rations
 P - a chunk of flesh


   Skills:
 - Level 0.1 Fighting
 - Level 0.7 Short Blades
 - Level 3.7 Dodging
 - Level 3.0 Stealth
 * Level 11.7 Spellcasting
 + Level 6.1 Conjurations
 + Level 6.3 Transmutations
 * Level 10.6 Earth Magic


You had 15 spell levels left.
You knew the following spells:

 Your Spells              Type           Power        Failure   Level  Hunger
a - Sandblast             Erth           ######       1%          1    None
b - Stone Arrow           Conj/Erth      ######       1%          3    None
c - Petrify               Tmut/Erth      ######..     1%          4    None
d - Lee's Rapid Deconstr  Erth           ######....   1%          5    ###....
e - Passwall              Tmut/Erth      ######....   1%          2    None
f - Searing Ray           Conj           ######       1%          2    None


Dungeon Overview and Level Annotations

Branches:
Dungeon (11/15)            Temple (1/1) D:5
   Lair: D:8-11         Orc: D:9-12

Altars:
Ashenzari
Cheibriados
Dithmenos
Elyvilon
Fedhas
Gozag
Hepliaklqana
Makhleb
Nemelex Xobeh
Okawaru
Qazlal
Ru
Trog
Uskayaw
Vehumet
Wu Jian
Xom
Yredelemnul
Zin
The Shining One

Shops:
D:4 :   D:8 :   D:11 =

Annotations:
D:4 lysyklops's ghost, amateur MfGl
D:10 eyesofgods1's ghost, journeyman FoFi


Message History

You completely miss something. Something hits you. Something hits you!
Something hits you. Something hits you. Something hits you.
Something hits you but does no damage. Something hits you but does no damage.
Something hits you. Something hits you but does no damage. Something hits you.
Something hits you!
* * * LOW HITPOINT WARNING * * *
Something hits you!
* * * LOW HITPOINT WARNING * * *
Unknown command.
Okay, then.
It was a potion of resistance.
You feel protected. Something barely misses you. Something hits you!
You die...

#.......# #####
#.......###≈≈≈##
#.......##≈≈≈≈≈#
#.......##≈≈∩≈≈#
#.....>.# ≈≈|≈≈
###..#### ≈.≈ #..#
#.#
#..#######.#########
#..@................
##.#######.......###
#.############...##
#..................
##############...##
##.## .# .# .#


There were no monsters in sight!

Vanquished Creatures
  A two-headed ogre (D:8)
  A hippogriff (D:8)
  3 yaks (D:10)
  A hungry ghost (D:10)
  2 orc warriors
  2 ice beasts
  2 black bears
  A phantom (D:7)
  3 sky beasts
  6 ogres
  5 centaurs
  A big kobold (D:10)
  2 bullfrogs
  4 scorpions
  3 killer bees (D:8)
  5 wights (D:6)
  3 howler monkeys (D:8)
  A crimson imp (D:8)
  A quasit (D:10)
  2 hounds
  3 orc priests
  A gnoll shaman (D:4)
  6 orc wizards
  A bullfrog skeleton (D:4)
  A centaur skeleton (D:4)
  Ijyb (D:5)
  Natasha (thrice) (D:2)
  An iguana (D:10)
  10 worker ants
  A killer bee zombie (D:6)
  A hound skeleton (D:5)
  A howler monkey zombie (D:7)
  2 worker ant zombies (D:5)
  6 gnolls
  17 adders
  An adder skeleton (D:4)
  7 worms
  4 dart slugs
  6 leopard geckos
  28 orcs
  2 ball pythons
  9 bats
  2 giant cockroaches
  3 goblins
  10 hobgoblins
  10 jackals
  14 kobolds
  6 quokkas
  6 frilled lizards
  A quokka skeleton (D:5)
  5 rats
218 creatures vanquished.

Vanquished Creatures (others)
  11 fungi (D:11)
  2 plants (D:11)
13 creatures vanquished.

Grand Total: 231 creatures vanquished

Notes
Turn   | Place    | Note
-------+----------+-------------------------------------------
     0 | D:1      | lotte the Deep Elf Earth Elementalist began the quest for the Orb.
     0 | D:1      | Reached XP level 1. HP: 10/10 MP: 6/6
    86 | D:1      | Reached XP level 2. HP: 15/15 MP: 6/8
  1812 | D:2      | Reached XP level 3. HP: 19/19 MP: 3/10
  2296 | D:2      | Reached XP level 4. HP: 16/24 MP: 0/11
  2428 | D:2      | Reached skill level 4 in Spellcasting
  2547 | D:2      | Noticed Natasha
  2551 | D:2      | Killed Natasha
  2578 | D:2      | Learned a level 3 spell: Stone Arrow
  2584 | D:2      | Learned a level 4 spell: Petrify
  2595 | D:2      | Found a hide-covered altar of Uskayaw.
  2823 | D:2      | Noticed Natasha
  2831 | D:2      | Killed Natasha
  2831 | D:2      | Reached XP level 5. HP: 28/28 MP: 3/13
  3015 | D:2      | Noticed Natasha
  3030 | D:2      | Killed Natasha
  3030 | D:2      | Reached skill level 5 in Earth Magic
  4094 | D:3      | Reached skill level 5 in Spellcasting
  4211 | D:3      | Reached XP level 6. HP: 32/32 MP: 9/15
  5306 | D:4      | Reached skill level 1 in Conjurations
  5635 | D:4      | Reached skill level 6 in Spellcasting
  5710 | D:4      | Found Zikutit's Book Shoppe.
  5754 | D:4      | Learned a level 5 spell: Lee's Rapid Deconstruction
  5782 | D:4      | Noticed lysyklops's ghost (amateur MfGl)
  5840 | D:5      | Entered Level 5 of the Dungeon
  6046 | D:5      | Noticed Ijyb
  6058 | D:5      | Found a staircase to the Ecumenical Temple.
  6065 | D:5      | Reached XP level 7. HP: 36/36 MP: 11/18
  6202 | Temple   | Entered the Ecumenical Temple
  6649 | D:5      | Paralysed by Ijyb for 7 turns
  6662 | D:5      | Killed Ijyb
  6766 | D:5      | Learned a level 2 spell: Passwall
  7197 | D:4      | Reached skill level 7 in Spellcasting
  7576 | D:4      | Reached XP level 8. HP: 26/41 MP: 11/21
  8571 | D:4      | Learned a level 2 spell: Searing Ray
  9983 | D:6      | Reached skill level 8 in Spellcasting
 10705 | D:6      | Reached skill level 9 in Spellcasting
 10822 | D:6      | Found an opulent altar of Gozag.
 10823 | D:6      | Found a hide-covered altar of Uskayaw.
 11635 | D:7      | Reached XP level 9. HP: 45/45 MP: 14/24
 13355 | D:8      | Reached skill level 10 in Spellcasting
 13355 | D:8      | Reached skill level 5 in Transmutations
 13719 | D:8      | Reached skill level 5 in Conjurations
 14200 | D:8      | Got a shimmering flail
 14201 | D:8      | Identified the +5 flail of Superiority {crush, rElec rPois rF- Int+4} (You found it on level 8 of the Dungeon)
 14223 | D:8      | Found Mujono's Book Emporium.
 14293 | D:8      | Found a burning altar of Makhleb.
 14327 | D:8      | Found a radiant altar of Vehumet.
 14333 | D:8      | Became a worshipper of Vehumet
 14355 | D:8      | Noticed a two-headed ogre
 14392 | D:8      | Killed a two-headed ogre
 14392 | D:8      | Reached skill level 11 in Spellcasting
 14392 | D:8      | Reached skill level 10 in Earth Magic
 14392 | D:8      | Reached XP level 10. HP: 50/50 MP: 1/27
 14652 | D:8      | You fall through a shaft for 2 floors!
 14652 | D:10     | Entered Level 10 of the Dungeon
 15151 | D:10     | Noticed eyesofgods1's ghost (journeyman FoFi)
 15834 | D:11     | Reached * piety under Vehumet
 15834 | D:11     | Offered knowledge of Flame Tongue by Vehumet.
 16014 | D:11     | Found Kisyar's Jewellery Boutique.
 16027 | D:11     | Mangled by an unseen horror

Skill      XL: |  1  2  3  4  5  6  7  8  9 10 |
---------------+-------------------------------+-----
Earth Magic    | 4 5 6 7 8 10 | 10.6
Stealth        | 3 |  3.0
Dodging        | 3 |  3.7
Spellcasting   | 4 5 6 7 9 11 | 11.7
Conjurations   | 1 2 4 5 6 |  6.1
Transmutations | 2 3 4 5 6 |  6.3
Fighting       | |  0.1
Short Blades   | |  0.7

Action                   |  1- 3 |  4- 6 |  7- 9 | 10-12 || total
-------------------------+-------+-------+-------+-------++-------
Melee: Dagger            |    58 |     7 |     2 |       ||    67
       Flail             |       |       |       |     1 ||     1
 Cast: Sandblast         |    34 |    59 |    59 |    26 ||   178
       Stone Arrow       |       |    46 |   135 |    43 ||   224
       Petrify           |       |     3 |    32 |    10 ||    45
       Passwall          |       |       |    17 |     2 ||    19
       Lee's Rapid Decon |       |       |    10 |     3 ||    13
       Searing Ray       |       |       |     1 |       ||     1
  Use: Scroll            |       |     7 |       |       ||     7
       Potion            |       |       |       |     1 ||     1
 Stab: Sleeping          |     2 |       |       |       ||     2
  Eat: Chunk             |     4 |    12 |    13 |     6 ||    35
       Ration            |       |       |     5 |       ||     5
Armor: Robe              |    10 |     5 |    17 |     9 ||    41
Dodge: Dodged            |    48 |    32 |    53 |    19 ||   152
